AoeStats
← jonifarina

Arena

509914919Analyzed
1v1 RM · 3d ago on Sep 28, 2026· 55m 55s· 2 players
Game mode
Random Map
Map size
Tiny (2 player)
Population
200
Speed
Normal
Resources
Standard
Victory
Conquest
Starting age
Dark Age
Ending age
Imperial Age
RankedLock teamsTeams togetherTeam positionsShared explorationLock speedFull tech treeHidden civsTurbo modeCheats
Victory
Defeat
🇨🇱 Khmer · Chile
243
+14
🇪🇸 Huns · Spain
202
-14
jonifarina
1:28 Loom
17:11 Feudal Age
21:46 Double-Bit Axe
21:45 Horse Collar
22:02 Stone Mining
22:03 Gold Mining
22:02 Man-at-Arms
22:29 Arson
26:59 Castle Age
33:22 Crossbowman
34:34 Scale Barding Armor
34:30 Scale Mail Armor
34:41 Forging
34:22 Fletching
34:34 Padded Archer Armor
39:31 Marauders
40:23 Wheelbarrow
39:38 Town Watch
42:29 Imperial Age
41:50 Hand Cart
41:36 Town Patrol
47:28 Chemistry
46:50 Ballistics
46:18 Long Swordsman
47:12 Thumb Ring
47:42 Parthian Tactics
48:35 Two-Handed Swordsman
48:40 Heavy Cavalry Archer
49:06 Cavalier
50:32 Sappers
51:27 Conscription
52:27 Elite Tarkan
Krailor
9:41 Feudal Age
21:45 Castle Age
19:27 Horse Collar
19:35 Double-Bit Axe
20:26 Gold Mining
20:27 Stone Mining
21:16 Wheelbarrow
20:27 Town Watch
35:40 Imperial Age
33:27 Hand Cart
33:21 Heavy Plow
35:36 Town Patrol
42:31 Gold Shaft Mining
42:31 Stone Shaft Mining
42:29 Crop Rotation
42:11 Bow Saw
42:31 Conscription
45:54 Elite Ballista Elephant
46:35 Tusk Swords
46:35 Double Crossbow
46:50 Bloodlines
46:40 Husbandry
46:04 Pikeman
46:30 Arson
48:54 Masonry
49:09 Elite Battle Elephant
49:23 Halberdier
50:27 Fletching
50:47 Forging
50:38 Scale Mail Armor
50:44 Scale Barding Armor
50:40 Padded Archer Armor
53:34 Bodkin Arrow
54:15 Iron Casting
53:55 Chain Mail Armor
53:56 Leather Archer Armor
54:01 Chain Barding Armor
54:05 Ballistics
54:46 Chemistry
53:37 Heated Shot
53:57 Masonry
53:53 Siege Engineers
55:48 Heavy Scorpion
56:34 Bracer
Connection lost

Rejoining the realm…

Still unreachable

The connection could not be restored.

Session expired

The server has moved on; the page needs a fresh start.